 Dungeon Crawl Stone Soup version 0.18.1-6-gd335043 (webtiles) character file.

156 Moloch the Chopper (level 5, -1/45 HPs)
             Began as a Hill Orc Fighter on May 19, 2016.
             Slain by Grinder (4 damage)
             ... on level 3 of the Dungeon.
             The game lasted 00:01:39 (1404 turns).

Moloch the Chopper (Hill Orc Fighter)               Turns: 1404, Time: 00:01:40

Health: -1/45      AC:  6    Str: 20    XL:     5   Next: 37%
Magic:  5/5        EV:  7    Int:  8    God:
Gold:   86         SH:  9    Dex: 10    Spells: 0 memorised, 4 levels left

rFire  . . .     SeeInvis .     a - +0 war axe
rCold  . . .     Gourm    .     b - +0 scale mail
rNeg   . . .     Faith    .     c - +0 shield
rPois  +         Spirit   .     (no helmet)
rElec  .         Dismiss  .     (no cloak)
rCorr  .         Reflect  .     (no gloves)
SustAt .         Harm     .     (no boots)
MR     .....                    (no amulet)
Stlth  ..........               (no ring)
                                j - ring of poison resistance

@: lethally poisoned (-1 -> -9), not resistant to hostile enchantments,
extremely unstealthy
A: no striking features
a: no special abilities


You were on level 3 of the Dungeon.
You were not hungry.

You visited 1 branch of the dungeon, and saw 3 of its levels.

You collected 86 gold pieces.

Inventory:

Hand Weapons
 a - a +0 war axe (weapon)
Armour
 b - a +0 scale mail (worn)
 c - a +0 shield (worn)
Jewellery
 j - a ring of poison resistance (left hand)
Scrolls
 i - a scroll of identify {unknown}
 l - a scroll of teleportation {unknown}
 m - a scroll of magic mapping {unknown}
 n - a scroll of remove curse {unknown}
Potions
 d - a potion of might
 e - a potion of brilliance {unknown}
 g - a potion of resistance {unknown}
 h - a potion of curing {unknown}
 k - 2 potions of flight {unknown}
Comestibles
 f - a bread ration
 o - 2 meat rations


   Skills:
 - Level 3.6 Fighting
 + Level 7.2 Axes
 - Level 3.2 Armour
 - Level 3.2 Shields


You had 4 spell levels left.
You didn't know any spells.

Dungeon Overview and Level Annotations

Branches:
Dungeon (3/15)

Altars:
Cheibriados
Elyvilon
Kikubaaqudgha
The Shining One

Annotations:
D:3 Grinder


Message History

You feel sick. Grinder gestures at you.
You shrug off the repeated paralysis!
The adder barely misses you. Grinder hits you but does no damage.
You feel sick. The adder bites you.
You are more poisoned.
The adder poisons you!
You feel sick.
Grinder blinks!
You hit Grinder.
Grinder is lightly wounded.
You miss the adder.
You feel sick. The adder bites you.
You are more poisoned.
The adder poisons you! Grinder hits you.
* * * LOW HITPOINT WARNING * * *
The adder barely misses you.
You feel sick. Grinder hits you!
* * * LOW HITPOINT WARNING * * *
You writhe in agony.
You die...

######## ##......##
##[.......##
#..........####
########@.S...).......
.......<5.........###
########.....?$...#
...................._
########.............
......$........
##.........._..8
#..............
#..............


You could see Grinder and an adder.

Vanquished Creatures
  A sky beast (D:3)
  Terence (D:3)
  An adder (D:2)
  A worm (D:2)
  2 dart slugs (D:2)
  A giant cockroach (D:1)
  4 goblins
  4 hobgoblins
  2 kobolds
  A ball python (D:1)
  6 bats
  3 giant newts
  6 rats
33 creatures vanquished.

Notes
Turn   | Place    | Note
--------------------------------------------------------------
     0 | D:1      | Moloch the Hill Orc Fighter began the quest for the Orb.
     0 | D:1      | Reached XP level 1. HP: 19/19 MP: 1/1
    28 | D:1      | Reached skill level 3 in Axes
   115 | D:1      | Reached XP level 2. HP: 25/26 MP: 2/2
   176 | D:1      | Reached skill level 4 in Axes
   231 | D:1      | Found a white marble altar of Elyvilon.
   507 | D:2      | Reached XP level 3. HP: 4/31 MP: 3/3
   988 | D:2      | Reached skill level 5 in Axes
   990 | D:2      | Found a snail-covered altar of Cheibriados.
  1086 | D:2      | Found a faded altar to an unknown god.
  1372 | D:3      | Noticed a sky beast
  1376 | D:3      | Killed a sky beast
  1376 | D:3      | Reached skill level 6 in Axes
  1376 | D:3      | Reached XP level 4. HP: 39/39 MP: 4/4
  1376 | D:3      | Reached XP level 5. HP: 45/45 MP: 5/5
  1380 | D:3      | Noticed Terence
  1381 | D:3      | Found a glowing golden altar of the Shining One.
  1383 | D:3      | Noticed Grinder
  1387 | D:3      | Killed Terence
  1387 | D:3      | Reached skill level 7 in Axes
  1388 | D:3      | Found an ancient bone altar of Kikubaaqudgha.
  1391 | D:3      | Paralysed by Grinder for 7 turns
  1404 | D:3      | Slain by Grinder

Skill      XL: |  1  2  3  4  5 |
---------------+----------------+-----
Axes           | 3 4 6 7 |  7.2
Fighting       | |  3.6
Armour         | |  3.2
Shields        | |  3.2

Action                   |  1- 3 |  4- 6 || total
-------------------------+-------+-------++-------
Melee: War axe           |   117 |     8 ||   125
  Eat: Chunk             |     2 |       ||     2
Armor: Scale mail        |    51 |     8 ||    59
Dodge: Dodged            |    43 |     5 ||    48
Block: Shield            |    60 |     2 ||    62
